 Dungeon Crawl Stone Soup version 0.30.0-19-g36f170ea60 (webtiles) character file.

Game seed: 301889176282003407

16337 Gabide the Destroyer (level 11, -27/94 HPs)
             Began as a Demigod Conjurer on May 31, 2023.
             Annihilated by a reaper
             ... wielding a +0 scythe of protection
              (38 damage)
             ... in a Gauntlet.
             The game lasted 00:41:40 (17284 turns).

Gabide the Destroyer (Demigod Conjurer)            Turns: 17284, Time: 00:41:41

Health: -27/94     AC: 18    Str:  7 (8)  XL:     11   Next: 79%
Magic:  25/35      EV: 12    Int: 40      God:
Gold:   564        SH:  7    Dex: 15 (16) Spells: 8/24 levels left

rFire   . . .        I - staff of conjuration
rCold   . . .        k - +2 buckler
rNeg    . . .        K - +2 swamp dragon scales of Instinct {Harm rPois Dex+4}
rPois   +            y - +0 hat of Experimentation {Int+2}
rElec   .            d - +2 cloak
rCorr   .            P - +2 pair of gloves {hurl}
SInv    .            D - +2 pair of boots
Will    +....        (no amulet)
Stlth   +            b - +6 ring of intelligence
HPRegen 0.35/turn    B - ring of magical power
MPRegen 0.24/turn

%: no teleportation, harm (+30% outgoing, +20% incoming)
@: no status effects
A: high MP 1, forlorn, divine attributes, deterioration 1
a: no special abilities


You were in a Gauntlet.
You visited 1 branch of the dungeon, and saw 12 of its levels.
You also visited: Sewer, Bailey and Gauntlet.

You collected 865 gold pieces.
You spent 301 gold pieces at shops.

Inventory:

Hand Weapons
 a - the +3 dagger of Fiep {heavy, rC+ Will+}
   (You found it on level 4 of the Dungeon)

   rC:        It protects you from cold.
   Will:      It increases your willpower.
 p - the +8 broad axe "Killer Klown's Death" {flame, rC- rN++ rCorr}
   (You found it on level 9 of the Dungeon)

   rC:        It makes you vulnerable to cold.
   rN:        It greatly protects you from negative energy.
   rCorr:     It protects you from acid and corrosion.
Armour
 d - a +2 cloak (worn)
 k - a +2 buckler (worn)
 m - the +0 pair of gloves "Qinoulep" {Str+2}
   (You found it in a Gauntlet)

   Str:       It affects your strength (+2).
 y - the +0 hat of Experimentation (worn) {Int+2}
   (You found it on level 9 of the Dungeon)

   Int:       It affects your intelligence (+2).
 D - a +2 pair of boots (worn)
 K - the +2 swamp dragon scales of Instinct (worn) {Harm rPois Dex+4}
   (You found it in a bailey)

   Dex:       It affects your dexterity (+4).
   rPois:     It protects you from poison.
   Harm:      It increases damage dealt and taken.
 M - a +2 robe of cold resistance
 P - a +2 pair of gloves of hurling (worn)
Magical Staves
 I - a staff of conjuration (weapon)
Jewellery
 b - a +6 ring of intelligence (left hand)
 h - an amulet of guardian spirit
 j - a ring of willpower
 s - a ring of ice
 B - a ring of magical power (right hand)
 F - a +4 ring of protection
 G - a ring of flight
 L - a ring of ice
Wands
 n - a wand of acid (5)
 o - a wand of digging (3)
 E - a wand of roots (1)
 O - a wand of paralysis (13)
Scrolls
 q - 7 scrolls of teleportation
 v - 5 scrolls of fear
 w - 2 scrolls of fog
 C - a scroll of poison
 H - a scroll of blinking
 N - a scroll of magic mapping
Potions
 c - 3 potions of mutation
 e - a potion of attraction
 f - 6 potions of lignification
 g - 7 potions of curing
 i - 2 potions of might
 t - 2 potions of brilliance {unknown}
 u - a potion of resistance {unknown}
 x - 2 potions of invisibility {unknown}
 z - 3 potions of cancellation
 A - 3 potions of flight
 J - a potion of heal wounds {unknown}


   Skills:
 + Level 8.0 Fighting
 + Level 8.0 Dodging
 - Level 2.0 Stealth
 - Level 4.0 Shields
 + Level 7.4 Spellcasting
 * Level 12.0 Conjurations


You had 8 spell levels left.
You knew the following spells:

 Your Spells              Type           Power      Damage    Failure   Level
a - Magic Dart            Conj           100%       1d8       1%          1
b - Searing Ray           Conj           100%       2d8       1%          2
c - Dazzling Flash        Conj/Hex       100%       N/A       3%          3
d - Stone Arrow           Conj/Erth      100%       3d13      3%          3
e - Hailstorm             Conj/Ice       76%        3d16      3%          3
f - Iskenderun's Mystic   Conj/Tloc      76%        2d15      11%         4

Your spell library contained the following spells:

 Spells                   Type           Power      Damage    Failure   Level
 Kiss of Death            Conj/Necr      100%       2d13      1%          1
 Fulminant Prism          Conj/Hex       38%        3d17      11%         4
 Necrotise                Necr           56%        1d6       13%         1
 Sandblast                Erth           28%        2d8       13%         1
 Slow                     Hex            56%        N/A       13%         1
 Summon Small Mammal      Summ           56%        N/A       13%         1
 Ensorcelled Hibernation  Hex/Ice        28%        N/A       19%         2
 Passwall                 Tmut/Erth      11%        N/A       19%         2
 Arcjolt                  Conj/Air       38%        1d48      30%         5
 Irradiate                Conj/Tmut      38%        3d24      30%         5
 Call Canine Familiar     Summ           14%        N/A       36%         3
 Confusing Touch          Hex            14%        N/A       36%         3
 Gell's Gravitas          Tloc           14%        N/A       36%         3
 Spider Form              Tmut/Pois      14%        N/A       36%         3
 Summon Guardian Golem    Hex/Summ       14%        N/A       36%         3
 Teleport Other           Tloc           14%        N/A       36%         3
 Tukima's Dance           Hex            14%        N/A       36%         3
 Vampiric Draining        Necr           14%        2d7       36%         3
 Vhi's Electric Charge    Tloc/Air       28%        N/A       36%         3
 Anguish                  Hex/Necr       7%         N/A       77%         4
 Animate Armour           Summ/Erth      28%        N/A       77%         4
 Dispel Undead            Necr           14%        3d10      77%         4
 Ice Form                 Ice/Tmut       14%        N/A       77%         4
 Passage of Golubria      Tloc           14%        N/A       77%         4
 Agony                    Necr           14%        N/A       98%         5
 Blade Hands              Tmut           7%         N/A       98%         5
 Yara's Violent Unravell  Hex/Tmut       7%         3d5       98%         5
 Dispersal                Tloc           7%         N/A       100%        6
 Simulacrum               Ice/Necr       7%         N/A       100%        6
 Dragon Form              Tmut           7%         N/A       100%        7
 Lehudib's Crystal Spear  Conj/Erth      38%        10d9      100%        8
 Maxwell's Capacitive Co  Air            7%         ∞         100%        8
 Chain Lightning          Conj/Air       38%        3d50      100%        9
 Fire Storm               Conj/Fire      38%        8d10      100%        9
 Shatter                  Erth           7%         3d9*      100%        9


Dungeon Overview and Level Annotations

Branches:
Dungeon (12/15)            Temple (0/1) D:6            Lair (0/5) D:8
    Orc (0/2) D:12          Sewer (visited)          Bailey (visited)
Gauntlet (1/1)

Shops:
D:11 [

Annotations:
D:10 1 runed translucent door, Quickbrownfox's ghost, journeyman OpIE Gauntlet 11 transporters, exclusion: orange crystal statue


Innate Abilities, Weirdness & Mutations

You have an increased reservoir of magic. (+10% MP)
You shall have no god before yourself.
Your divine heritage dramatically boosts your attributes as you level up.
Your body sometimes deteriorates upon taking damage.


Message History

The grasping roots constrict the reaper, but do no damage.
The grasping roots constrict the hellwing, but do no damage.
The hellwing struggles against the net.
Casting: Stone Arrow (mildly dangerous; 3% risk of failure)
Confirm with . or Enter, or press ? or * to list all spells.
Casting: Hailstorm (mildly dangerous; 3% risk of failure)
Press: ? - help, Dir - look around, f - activate You feel a surge of power!
A cannonade of hail descends around you!
The hail pelts the hellwing!
The hellwing is severely wounded.
The hail pelts the reaper!
The reaper partially resists.
The reaper is severely wounded.
The grasping roots constrict the reaper.
The grasping roots constrict the hellwing, but do no damage.
The roots release their grip on the reaper.
The hellwing struggles against the net.
Unknown command.
Unknown command.
Casting: Hailstorm (mildly dangerous; 3% risk of failure)
Confirm with . or Enter, or press ? or * to list all spells.
Casting: Hailstorm (mildly dangerous; 3% risk of failure)
Press: ? - help, Dir - look around, f - activate You feel a surge of power!
A cannonade of hail descends around you!
The hail pelts the hellwing!
You kill the hellwing!
The hail pelts the reaper.
The reaper is severely wounded.
Unknown command.
Unknown command.
Unknown command.
Aiming: Stone Arrow (mildly dangerous; 3% risk of failure)
Press: ? - help, Q - select action, (/) - cycle Shift-Dir - straight line, f - reaper
Aim: a reaper, wielding a +0 scythe of protection (severely wounded, 78% to hit)
You feel a surge of power!
The stone arrow hits the reaper!
The reaper is almost dead.
The reaper says, "Everyone has to die sometime, and your time is now."
The reaper hits you from afar with a +0 scythe of protection!!
You die...

.8.####.#..8..#.#...#.#.....#.#.
...#..#...!©=[..#...#.........#.
.8.#..###########...###########.
...#≈...........§.≈.............
.8.#∩............§8≈...........≈
...#≈...........§§≈.............
.8.#..###########...###########.
...#..#../.©"2..#...#.........#.
.8.####..##.##.@#...#.##...##.#.
.....©#.#§.#..#.#...#.#.#.#.#.#.
.8.####4#..#..#.#.###..##.##..##
...#..#.^#####^.#.#©#©.#.©.#..#§
≈8≈#..#.#.§#..#.#.#.#..##.##..#.
# #..#.#.4#..#.#.#.#.#.#.#.#.#.
#..#..##.##..#.#.#.##...##.#.
#..#....4....#.#.#.........#.
###..#############.###########.


You could see a reaper.

Vanquished Creatures
  A cacodemon (Gauntlet)
  Josephine (D:10)
  Fannar (D:10)
  A boulder beetle (D:10)
  4 two-headed ogres
  An oklob plant (Gauntlet)
  A cyclops (D:11)
  A manticore (D:9)
  A gargoyle (D:10)
  A kobold demonologist (D:11)
  2 hellwings (Gauntlet)
  2 trolls
  A hornet (D:9)
  4 spriggans (Bailey)
  2 shadows
  A vampire (D:10)
  6 wraiths
  9 yaks
  Eustachio (D:6)
  A steam dragon (Bailey)
  2 neqoxecs (Gauntlet)
  Grum (D:8)
  2 acid dragons (Gauntlet)
  2 water moccasins
  3 orc warriors
  A sky beast (D:5)
  A black bear (D:5)
  2 ice beasts
  5 ogres
  5 wolves
  A centaur (D:10)
  2 phantoms (D:5)
  A kobold brigand (D:9)
  A gnoll sergeant (D:10)
  4 bullfrogs
  2 scorpions
  7 wights
  3 killer bees (D:10)
  6 electric eels
  2 jellies (D:4)
  4 hounds
  Crazy Yiuf (D:2)
  A gnoll bouda (D:8)
  9 orc priests
  A sleepcap (D:4)
  Jessica (D:3)
  4 iguanas
  11 orc wizards
  A malarious merfolk avatar (Sewer)
  A sickly merfolk siren (Sewer)
  20 gnolls
  9 adders
  2 river rats (Sewer)
  A shadow imp (Gauntlet)
  A white imp (D:5)
  3 worms
  5 dart slugs
  52 orcs
  9 endoplasms
  6 giant cockroaches
  13 goblins
  9 hobgoblins
  9 jackals
  13 quokkas
  11 ball pythons
  6 bats
  11 frilled lizards
  11 kobolds
  25 rats
345 creatures vanquished.

Vanquished Creatures (others)
  An orc wizard (D:5)
1 creature vanquished.

Grand Total: 346 creatures vanquished

Notes
Turn   | Place    | Note
-------+----------+-------------------------------------------
     0 | D:1      | Gabide the Demigod Conjurer began the quest for the Orb.
     0 | D:1      | Reached XP level 1. HP: 14/14 MP: 5/5
   232 | D:1      | Reached XP level 2. HP: 22/22 MP: 4/7
   523 | D:1      | Reached skill level 4 in Conjurations
   846 | D:1      | Reached XP level 3. HP: 27/27 MP: 5/8
  1027 | D:1      | Reached skill level 1 in Fighting
  1298 | D:1      | Learned a level 2 spell: Searing Ray
  1684 | D:2      | Identified the +8 short sword of Proximity {elec, Dex+5}
  2068 | D:2      | Found a runed translucent door.
  2069 | D:2      | Noticed Crazy Yiuf
  2625 | D:2      | Noticed an ogre
  2630 | D:2      | Killed an ogre
  2631 | D:2      | Reached XP level 4. HP: 36/36 MP: 4/10
  2859 | D:2      | Killed Crazy Yiuf
  2860 | D:2      | Reached XP level 5. HP: 10/41 MP: 3/11
  3239 | D:3      | Identified the +1 pair of boots of the Secret Stories {Fly
                  | rPois}
  3794 | D:3      | Noticed Jessica
  3798 | D:3      | Killed Jessica
  3799 | D:3      | Reached skill level 5 in Conjurations
  4261 | D:3      | Reached XP level 6. HP: 40/50 MP: 0/13
  4961 | D:4      | Reached skill level 6 in Conjurations
  5139 | D:4      | Identified the +3 dagger of Fiep {heavy, rC+ Will+}
  5410 | D:4      | Reached skill level 1 in Shields
  5592 | D:4      | Reached XP level 7. HP: 57/57 MP: 11/14
  5762 | D:4      | Learned a level 3 spell: Dazzling Flash
  5763 | D:5      | Entered Level 5 of the Dungeon
  6567 | D:5      | Reached XP level 8. HP: 56/63 MP: 7/16
  6711 | D:5      | Learned a level 3 spell: Stone Arrow
  7292 | D:5      | Reached skill level 7 in Conjurations
  7473 | D:6      | Found a staircase to the Ecumenical Temple.
  7732 | D:6      | Found a glowing drain.
  7741 | Sewer    | Entered a sewer
  9683 | D:6      | Noticed Eustachio
  9685 | D:6      | Killed Eustachio
  9956 | D:7      | Reached XP level 9. HP: 54/72 MP: 17/19
 10306 | D:7      | Reached skill level 8 in Conjurations
 11093 | D:8      | Reached skill level 5 in Dodging
 11097 | D:8      | Reached skill level 5 in Fighting
 11259 | D:8      | Found a flagged portal.
 11273 | Bailey   | Entered a bailey
 11452 | Bailey   | Learned a level 3 spell: Hailstorm
 11468 | Bailey   | Reached skill level 5 in Spellcasting
 11545 | Bailey   | Noticed a two-headed ogre
 11551 | Bailey   | Killed a two-headed ogre
 11552 | Bailey   | Reached skill level 9 in Conjurations
 11796 | Bailey   | Identified the +2 swamp dragon scales of Instinct {Harm
                  | rPois Dex+4}
 11877 | D:8      | Found a staircase to the Lair.
 12028 | D:8      | Reached XP level 10. HP: 82/83 MP: 21/21
 12134 | D:8      | Noticed Grum
 12383 | D:8      | Killed Grum
 12988 | D:9      | Noticed a manticore
 12994 | D:9      | Killed a manticore
 12995 | D:9      | Reached skill level 10 in Conjurations
 13549 | D:9      | Identified the +8 broad axe "Killer Klown's Death" {flame,
                  | rC- rN++ rCorr}
 13609 | D:9      | Identified the +0 hat of Experimentation {Int+2}
 13961 | D:10     | Entered Level 10 of the Dungeon
 14022 | D:10     | Noticed Fannar
 14030 | D:10     | Killed Fannar
 14030 | D:10     | Noticed a two-headed ogre
 14265 | D:10     | Noticed Josephine
 14272 | D:10     | Killed Josephine
 14273 | D:10     | Reached XP level 11. HP: 74/92 MP: 20/24
 14534 | D:10     | Killed a two-headed ogre
 14535 | D:10     | Reached skill level 11 in Conjurations
 14935 | D:10     | Noticed a boulder beetle
 14941 | D:10     | Killed a boulder beetle
 15137 | D:10     | Found a runed translucent door.
 15140 | D:10     | Noticed a +2 scimitar of chaos
 15141 | D:10     | Noticed Quickbrownfox's ghost (journeyman OpIE)
 15466 | D:11     | Found Maol Vio's Armour Shoppe.
 15473 | D:11     | Bought a +2 pair of gloves of hurling for 301 gold pieces
 15630 | D:11     | Noticed a two-headed ogre
 15635 | D:11     | Killed a two-headed ogre
 16321 | D:11     | Noticed a two-headed ogre
 16326 | D:11     | Killed a two-headed ogre
 16482 | D:11     | Identified a scroll of acquirement
 16482 | D:11     | Acquired a book of Armaments
 16489 | D:11     | Learned a level 4 spell: Iskenderun's Mystic Blast
 16518 | D:12     | Found a gate leading to a gauntlet.
 16527 | Gauntlet | Entered a Gauntlet
 16527 | Gauntlet | Found a transporter.
 16527 | Gauntlet | Found a transporter.
 16531 | Gauntlet | Found a transporter.
 16533 | Gauntlet | Found a transporter.
 16538 | Gauntlet | Found a transporter.
 16538 | Gauntlet | Noticed a quicksilver ooze
 16555 | Gauntlet | Found a transporter.
 16562 | Gauntlet | Found a transporter.
 16564 | Gauntlet | Found a transporter.
 16564 | Gauntlet | Found a transporter.
 16564 | Gauntlet | Noticed an orange crystal statue
 16565 | Gauntlet | Noticed a reaper
 16568 | Gauntlet | Found a transporter.
 16568 | Gauntlet | Noticed a cacodemon
 16596 | Gauntlet | Found a transporter.
 16616 | Gauntlet | Found a transporter.
 16661 | Gauntlet | Found a transporter.
 16663 | Gauntlet | Noticed a hell hog
 16677 | Gauntlet | Found a transporter.
 16780 | Gauntlet | Found a transporter.
 16794 | Gauntlet | Found a transporter.
 16799 | Gauntlet | Noticed a hell beast
 17131 | Gauntlet | Gained mutation: Your body sometimes deteriorates upon
                  | taking damage. [a neqoxec]
 17138 | Gauntlet | Killed a cacodemon
 17139 | Gauntlet | Reached skill level 12 in Conjurations
 17146 | Gauntlet | Identified the +0 pair of gloves "Qinoulep" {Str+2}
 17284 | Gauntlet | Annihilated by a reaper

Illustrated notes

Levels and vault maps discovered:
D:1:      lightli_molten_gateway, layout_loops_cross
D:2:      layout_basic, uniq_crazy_yiuf_cottage
D:3:      wander_river, layout_basic, chequers_serial_rivers_marsh, uniq_jessica
D:4:      layout_basic, trog_butcher_becter, hangedman_decor_lopped,
          minmay_cupped
D:5:      minmay_chambers_of_threes, layout_basic,
          nicolae_qazlal_beasts_of_the_sky, kennysheep_decorative_pillar
D:6:      layout_loops_cross, minmay_temple_entry_glassed_door,
          gup_sewer_entry_pipe, chequers_serial_rivers_room_a, uniq_eustachio
D:7:      statuecave_lemuel, layout_basic, lemuel_coloured_pillars_altar,
          minmay_misc_feat_room
D:8:      layout_rooms, erik_lair_island, enter_bailey_5, uniq_grum
D:9:      layout_cave_pools, minmay_misc_feat_chi
D:10:     layout_loops_ring, serial_aquarium, aquarium_bridge_square
          [aquarium_subvault_wall, aquarium_subvault_wall,
          aquarium_subvault_window, aquarium_subvault_bridge],
          aquarium_window_2, aquarium_window_1, aquarium_view_2c,
          aquarium_view_2c, aquarium_balcony_1b, ebering_ghost_xom, uniq_fannar,
          uniq_josephine
D:11:     layout_loops_ring, serial_shops, nicolae_shop_just_a_little_nook
D:12:     layout_irregular_city, hiddenorc2_lemuel, gauntlet_entry_generic
Gauntlet: gammafunk_gauntlet_branching [gammafunk_gauntlet_arena_crates,
          gammafunk_gauntlet_arena_open, nicolae_gauntlet_arena_grate_2,
          nicolae_gauntlet_arena_blocks, gammafunk_gauntlet_arena_corners,
          nicolae_gauntlet_swirl, gammafunk_gauntlet_arena_split_x,
          nicolae_gauntlet_arena_quarters,
          nicolae_gauntlet_exit_dead_adventurers]

Skill      XL: |  1  2  3  4  5  6  7  8  9 10 11 |
---------------+----------------------------------+-----
Dodging        | 2 3 4 5 7 8 |  8.0
Spellcasting   | 2 3 4 5 6 7 |  7.4
Conjurations   | 4 5 6 7 9 10 12 | 12.0
Fighting       | 1 2 3 4 5 7 8 |  8.0
Stealth        | 2 |  2.0
Shields        | 1 4 |  4.0

Action                     |  1- 3 |  4- 6 |  7- 9 | 10-12 || total
---------------------------+-------+-------+-------+-------++-------
  Melee: Unarmed           |     1 |       |       |       ||     1
         Dagger            |       |    16 |    29 |     9 ||    54
         Staff             |       |       |       |     9 ||     9
  Throw: Throwing net      |       |       |       |     4 ||     4
   Cast: Magic Dart        |    68 |     1 |    14 |     9 ||    92
         Searing Ray       |    21 |    56 |    23 |       ||   100
         Stone Arrow       |       |       |   166 |   165 ||   331
         Hailstorm         |       |       |     2 |     9 ||    11
         Iskenderun's Myst |       |       |       |     1 ||     1
  Evoke: Wand              |       |       |     3 |     6 ||     9
    Use: Scroll            |     5 |     3 |    13 |     8 ||    29
         Potion            |       |       |     3 |     2 ||     5
 Armour: Robe              |     2 |       |       |       ||     2
         Ring mail         |     4 |    19 |     2 |       ||    25
         Leather armour    |       |       |    41 |       ||    41
         Swamp dragon scal |       |       |     2 |    40 ||    42
  Dodge: Dodged            |     5 |    30 |    47 |    38 ||   120
  Block: Buckler           |     2 |    17 |    29 |    26 ||    74
